 Dungeon Crawl Stone Soup version 0.27.1-34-g3ba077fa99 (webtiles) character file.

Game seed: 3997422320863698011

140 pkoi the Insei (level 5, 0/45 HPs)
             Began as a Draconian Monk on Jan 12, 2022.
             Slain by a water moccasin (3 damage)
             ... on level 4 of the Dungeon.
             The game lasted 00:03:07 (3884 turns).

pkoi the Insei (Draconian Monk)                     Turns: 3884, Time: 00:03:08

Health: 0/45       AC:  8    Str: 13    XL:     5   Next: 2%
Magic:  5/5        EV: 12    Int: 18    God:
Gold:   82         SH:  0    Dex: 13    Spells: 4/4 levels left

rFire    . . .     SeeInvis .     - Unarmed
rCold    . . .     Faith    .   (no shield)
rNeg     . . .     Spirit   .   (armour unavailable)
rPois    .         Reflect  .   l - +1 hat
rElec    .         Harm     .   (no cloak)
rCorr    .         Rampage  .   b - +1 pair of gloves
Will     .....                  (no boots)
Stlth    ++........             (no amulet)
HPRegen  0.15/turn              m - +6 ring of intelligence
MPRegen  0.09/turn              (no ring)

@: lethally poisoned (0 -> -10)
A: AC +5, unfitting armour, cold-blooded
a: no special abilities


You were on level 4 of the Dungeon.
You visited 1 branch of the dungeon, and saw 4 of its levels.

You collected 82 gold pieces.

Inventory:

Hand Weapons
 g - a +0 whip
 j - a +1 dagger of pain
 o - a +2 short sword of freezing
Missiles
 h - 7 boomerangs (quivered)
 n - 33 poisoned darts
Armour
 b - a +1 pair of gloves (worn)
 l - a +1 hat (worn)
Jewellery
 m - a +6 ring of intelligence (left hand)
Scrolls
 f - 2 scrolls of identify
 p - a scroll of acquirement {unknown}
 q - a scroll of fear {unknown}
Potions
 a - a potion of heal wounds {unknown}
 c - a potion of flight {unknown}
 d - 2 potions of curing {unknown}
 e - 2 potions of lignification {unknown}
 i - a potion of invisibility
 k - a potion of resistance {unknown}


   Skills:
 - Level 3.2 Fighting
 - Level 2.6 Dodging
 - Level 1.7 Stealth
 + Level 5.7 Unarmed Combat


You had 4 spell levels left.
You didn't know any spells.
Your spell library contained the following spells:

 Spells                   Type           Power      Damage    Failure   Level
 Shock                    Conj/Air       0%         1d3       22%         1
 Corpse Rot               Necr/Air       N/A        N/A       32%         2
 Swiftness                Air            0%         N/A       54%         3
 Airstrike                Air            0%         N/A       91%         4
 Dispel Undead            Necr           0%         3d6       91%         4
 Passage of Golubria      Tloc           N/A        N/A       91%         4
 Silence                  Hex/Air        0%         N/A       99%         5
 Death Channel            Necr           0%         N/A       100%        6
 Lehudib's Crystal Spear  Conj/Erth      0%         10d2      100%        8


Dungeon Overview and Level Annotations

Branches:
Dungeon (4/15)
 Temple: D:4-7

Altars:

Annotations:
D:2 1 runed translucent door, Crazy Yiuf


Innate Abilities, Weirdness & Mutations

Your plain brown scales are hard. (AC +5)
You cannot fit into any form of body armour.
You are cold-blooded and may be slowed by cold attacks.


Message History

You feel sick.
The water moccasin bites you but does no damage.
You punch the water moccasin!
The water moccasin is severely wounded.
You feel sick. The water moccasin bites you!
* * * LOW HITPOINT WARNING * * *
You hit the water moccasin but do no damage.
The water moccasin is severely wounded.
You feel sick. The water moccasin barely misses you.
You barely miss the water moccasin.
The water moccasin is severely wounded.
You feel sick.
The water moccasin bites you but does no damage.
The water moccasin closely misses you.
You closely miss the water moccasin.
The water moccasin is severely wounded.
You feel sick. The water moccasin closely misses you.
You closely miss the water moccasin.
The water moccasin is severely wounded.
You feel sick.
You are no longer poisoned.
The water moccasin closely misses you.
You barely miss the water moccasin.
Your tail-slap misses the water moccasin.
The water moccasin is severely wounded.
The water moccasin bites you.
* * * LOW HITPOINT WARNING * * *
The water moccasin misses you.
You hit the water moccasin.
The water moccasin is severely wounded.
The water moccasin bites you.
* * * LOW HITPOINT WARNING * * *
You are lethally poisoned!
The water moccasin poisons you!
You closely miss the water moccasin.
The water moccasin is severely wounded.
* * * LOW HITPOINT WARNING * * *
You feel very sick. The water moccasin bites you.
You die...

#.. .. #.#..#.
#.....###.###
#.###........
#....#####.#. ####.# #.#
##+# #S# ##...##
#######@# ##.....##
#.......# ##.......##
#.......###.........####
#.........+.........'...
#.......###.........####
#.......# #.......##
#.......# ##.....##
#.†.....# ##...##
####.#### ##'##


You could see a water moccasin.

Vanquished Creatures
  A centaur skeleton (D:3)
  A hound skeleton (D:4)
  2 adders
  A worm (D:3)
  A dart slug (D:3)
  3 orcs (D:3)
  10 ball pythons
  8 endoplasms
  5 giant cockroaches
  6 goblins
  2 hobgoblins (D:1)
  9 jackals
  2 quokkas
  4 bats
  A frilled lizard (D:2)
  7 kobolds
  3 rats
66 creatures vanquished.

Vanquished Creatures (others)
  A fungus (D:1)
  3 plants (D:1)
4 creatures vanquished.

Grand Total: 70 creatures vanquished

Notes
Turn   | Place    | Note
-------+----------+-------------------------------------------
     0 | D:1      | pkoi the Draconian Monk began the quest for the Orb.
     0 | D:1      | Reached XP level 1. HP: 19/19 MP: 1/1
   287 | D:1      | Reached XP level 2. HP: 22/26 MP: 2/2
   865 | D:1      | Reached skill level 4 in Unarmed Combat
   930 | D:1      | Found a faded altar of an unknown god.
  1355 | D:1      | Reached XP level 3. HP: 31/31 MP: 3/3
  2339 | D:2      | Found a runed translucent door.
  2340 | D:2      | Noticed Crazy Yiuf
  2700 | D:3      | Reached XP level 4. HP: 23/38 MP: 4/4
  2929 | D:3      | Reached skill level 5 in Unarmed Combat
  3821 | D:4      | Reached XP level 5. HP: 41/45 MP: 5/5
  3855 | D:4      | Noticed a water moccasin
  3884 | D:4      | Slain by a water moccasin

Illustrated notes

Levels and vault maps discovered:
D:1:      mrwooster_arrival_statue, layout_basic,
          shapermc_ecumenical_altar_acropolis
D:2:      layout_loops_ring, uniq_crazy_yiuf_cottage
D:3:      layout_basic, grunt_decor_fettered
D:4:      layout_loops_corners, minmay_manual_mail

Skill      XL: |  1  2  3  4 |
---------------+-------------+-----
Unarmed Combat | 4 5 |  5.7
Fighting       | |  3.2
Dodging        | |  2.6
Stealth        | |  1.7

Action                   |  1- 3 |  4- 6 || total
-------------------------+-------+-------++-------
Melee: Unarmed           |   153 |    71 ||   224
       Tailslap          |    13 |     8 ||    21
       Punch             |     2 |     2 ||     4
Throw: Boomerang         |    10 |     5 ||    15
  Use: Scroll            |       |     5 ||     5
 Stab: Sleeping          |       |     2 ||     2
Armor: Skin              |    59 |    37 ||    96
Dodge: Dodged            |    80 |    44 ||   124
